 Dungeon Crawl Stone Soup version 0.30-a0-728-gc68057be0a (webtiles) character file.

Game seed: 15481337821404244742

453 Angani the Trooper (level 6, -5/53 HPs)
             Began as a Draconian Necromancer on Jan 31, 2023.
             Was an Initiate of Hepliaklqana.
             Succumbed to an orc's poison
             ... on level 5 of the Dungeon.
             The game lasted 00:09:20 (4002 turns).

Angani the Trooper (Draconian Necromancer)          Turns: 4002, Time: 00:09:20

Health: -5/53      AC:  6    Str: 10    XL:     6   Next: 75%
Magic:  9/9        EV: 19    Int: 18    God:    Hepliaklqana [......]
Gold:   139        SH:  0    Dex: 16    Spells: 4/9 levels left

rFire   . . .      SeeInvis .      - Unarmed
rCold   . . .      Faith    .    (shield currently unavailable)
rNeg    . . .      Spirit   .    (body armour unavailable)
rPois   x          Reflect  .    (helmet currently unavailable)
rElec   .          Harm     .    (cloak currently unavailable)
rCorr   .          Rampage  .    (gloves currently unavailable)
Will    .....                    (boots currently unavailable)
Stlth   +                        (no amulet)
HPRegen 0.28/turn                e - ring of wizardry
MPRegen 0.11/turn                j - +4 ring of protection

@: confused, lethally poisoned (-5 -> -51), spider-form (expiring),
ambrosia-drunk, hasted, very quick
A: venomous fangs, AC +6, tiny, unfitting armour, (cold-blooded)
a: End Transformation, Renounce Religion


You were on level 5 of the Dungeon.
You worshipped Hepliaklqana.
Hepliaklqana was noncommittal.
You were a venomous arachnid creature.
You visited 1 branch of the dungeon, and saw 5 of its levels.

You collected 139 gold pieces.

Inventory:

Missiles
 g - 2 throwing nets
Armour
 l - a +1 cloak (melded)
Jewellery
 e - a ring of wizardry (left front pincers)
 j - a +4 ring of protection (right front pincers)
Wands
 m - a wand of quicksilver (7)
Scrolls
 c - 3 scrolls of immolation
 h - a scroll of poison
 i - a scroll of teleportation
 r - a scroll of vulnerability
Potions
 a - 2 potions of magic
 p - a potion of brilliance {unknown}
 q - a potion of heal wounds {unknown}
 s - a potion of attraction {unknown}
 t - 3 potions of curing {unknown}
 u - a potion of flight {unknown}
 v - a potion of might {unknown}


   Skills:
 + Level 4.5 Fighting
 - Level 1.9 Dodging
 - Level 1.9 Stealth
 + Level 4.0 Unarmed Combat
 - Level 2.0 Spellcasting
 - Level 4.0 Necromancy
 + Level 3.0 Transmutations


You had 4 spell levels left.
You knew the following spells:

 Your Spells              Type           Power      Damage    Failure   Level
a - Necrotise             Necr           64%        1d7       4%          1
b - Beastly Appendage     Tmut           24%        N/A       6%          1
c - Spider Form           Tmut/Pois      7%         N/A       22%         3

Your spell library contained the following spells:

 Spells                   Type           Power      Damage    Failure   Level
 Wereblood                Tmut           12%        N/A       9%          2
 Vampiric Draining        Necr           16%        2d7       11%         3
 Summon Small Mammal      Summ           4%         N/A       16%         1
 Animate Dead             Necr           16%        N/A       26%         4
 Call Canine Familiar     Summ           1%         N/A       36%         3
 Summon Guardian Golem    Hex/Summ       1%         N/A       36%         3
 Agony                    Necr           16%        N/A       52%         5


Dungeon Overview and Level Annotations

Branches:
Dungeon (5/15)
 Temple: D:4-7

Altars:
Gozag
Hepliaklqana
Kikubaaqudgha
Ru
Trog
Yredelemnul
Zin


Innate Abilities, Weirdness & Mutations

You are a venomous arachnid creature.
You have venomous fangs.
You are tiny and dextrous.
Your spellcasting is less reliable in this form.
Your armour is entirely melded.
You are incapable of wielding weapons or throwing items.
((Your plain brown scales are hard. (AC +6)))
You cannot fit into any form of body armour.
((You are cold-blooded and may be slowed by cold attacks.))


Message History

The orc wizard is severely wounded.
You hit the orc wizard but do no damage.
The orc wizard looks as sick as possible!
The orc wizard is severely wounded.
The orc hits you with a +0 flail.
The orc wizard gestures at you while chanting.
The magic dart hits you. The orc hits you with a +0 falchion.
The orc misses you.
You hit the orc wizard but do no damage.
The orc wizard looks as sick as possible!
The orc wizard is almost dead.
You kill the orc wizard!
The orc barely misses you. The orc completely misses you.
The orc barely misses you.
Your Transmutations skill increases to level 3!
You hit the orc.
The orc is poisoned.
The orc is heavily wounded.
You hit the orc.
The orc looks as sick as possible!
The orc is heavily wounded.
You kill the orc!
The orc barely misses you.
The orc hits you from afar with a +0 trident!
You hit the orc but do no damage.
The orc is poisoned.
You barely miss the orc. The orc closely misses you. x3
The orc hits you from afar with a +0 trident.
* * * LOW HITPOINT WARNING * * *
You hit the orc but do no damage.
The orc looks as sick as possible!
The orc completely misses you. The orc hits you with a +0 falchion.
* * * LOW HITPOINT WARNING * * *
The orc hits you from afar with a +0 trident.
* * * LOW HITPOINT WARNING * * *
The orc hits you with a +3 flail of venom!
* * * LOW HITPOINT WARNING * * *
You are lethally poisoned!
Unknown command.
Okay, then.
You are confused.
You feel invigorated.
You are no longer corroded.
You die...

### #s#
#...oooo......
......oo.....##
.............#
.............#
...........$...
.....#.........
.....########..


You could see 6 orcs.

Vanquished Creatures
  An ogre (D:3)
  A hound (D:4)
  A jelly (D:5)
  An iguana (D:3)
  Terence (D:3)
  2 orc wizards (D:5)
  3 adders
  5 gnolls
  2 worms (D:2)
  7 dart slugs
  9 orcs
  8 bats
  6 endoplasms
  4 giant cockroaches
  16 goblins
  8 hobgoblins
  2 jackals (D:4)
  2 quokkas
  8 ball pythons
  3 frilled lizards
  11 kobolds
  6 rats
107 creatures vanquished.

Vanquished Creatures (others)
  A dart slug (D:4)
1 creature vanquished.

Grand Total: 108 creatures vanquished

Notes
Turn   | Place    | Note
-------+----------+-------------------------------------------
     0 | D:1      | Angani the Draconian Necromancer began the quest for the
                  | Orb.
     0 | D:1      | Reached XP level 1. HP: 14/14 MP: 3/3
   190 | D:1      | Reached skill level 1 in Fighting
   193 | D:1      | Reached XP level 2. HP: 23/23 MP: 5/5
   273 | D:1      | Reached skill level 1 in Unarmed Combat
   747 | D:1      | Reached XP level 3. HP: 29/29 MP: 6/6
   749 | D:1      | Learned a level 1 spell: Beastly Appendage
  1865 | D:2      | Learned a level 3 spell: Spider Form
  1883 | D:3      | Noticed Terence
  1936 | D:3      | Reached XP level 4. HP: 20/37 MP: 7/7
  2087 | D:3      | Killed Terence
  2180 | D:3      | Reached skill level 1 in Transmutations
  2209 | D:3      | HP: 1/38 [iguana (4)]
  2384 | D:3      | Reached XP level 5. HP: 45/45 MP: 6/8
  2416 | D:3      | Identified the +2 dagger of the Kidney {holy, Dex+3}
  2737 | D:3      | Noticed an ogre
  2759 | D:3      | Killed an ogre
  2909 | D:4      | Reached XP level 6. HP: 41/52 MP: 0/9
  3232 | D:4      | Found a glowing silver altar of Zin.
  3232 | D:4      | Found an ancient bone altar of Kikubaaqudgha.
  3233 | D:4      | Found a basalt altar of Yredelemnul.
  3233 | D:4      | Found an opulent altar of Gozag.
  3234 | D:4      | Found a hazy altar of Hepliaklqana.
  3235 | D:4      | Found a bloodstained altar of Trog.
  3253 | D:4      | Became a worshipper of Hepliaklqana the Forgotten
  3336 | D:4      | Found a sacrificial altar of Ru.
  3965 | D:5      | Entered Level 5 of the Dungeon
  4001 | D:5      | HP: 1/53 [orc/+3 flail of venom (11)]
  4002 | D:5      | Succumbed to an orc's poison

Illustrated notes

Levels and vault maps discovered:
D:1:      wander_arrival_fairy_ring, layout_loops_ring,
          minmay_misc_feat_ornament
D:2:      layout_basic, minmay_three_crescents
D:3:      layout_rooms, minmay_ogre_servants, uniq_terence
D:4:      kennysheep_slugbush, layout_loops_ring,
          nicolae_ru_sacrificial_ziggurat, grunt_temple_overflow_open,
          minmay_misc_feat_plants
D:5:      layout_basic, lemuel_coloured_pillars_altar,
          chequers_ossuary_entry_cave

Skill      XL: |  1  2  3  4  5  6 |
---------------+-------------------+-----
Fighting       | 1 2 3 4 |  4.5
Unarmed Combat | 1 2 3 4 |  4.0
Transmutations | 1 2 3 |  3.0
Dodging        | |  1.9
Stealth        | |  1.9
Spellcasting   | |  2.0
Necromancy     | |  4.0

Action                     |  1- 3 |  4- 6 || total
---------------------------+-------+-------++-------
  Melee: Unarmed           |   252 |   202 ||   454
         Tailslap          |    29 |    10 ||    39
         Punch             |     1 |     2 ||     3
         Headbutt          |    12 |     5 ||    17
         Kick              |     9 |    12 ||    21
   Cast: Beastly Appendage |    16 |     9 ||    25
         Spider Form       |       |    19 ||    19
         Necrotise         |       |     3 ||     3
  Evoke: Wand              |       |     1 ||     1
    Use: Scroll            |       |     9 ||     9
         Potion            |       |     4 ||     4
   Stab: Sleeping          |     5 |     2 ||     7
 Armour: Skin              |    89 |    63 ||   152
  Dodge: Dodged            |   200 |   227 ||   427

Table legend: (Time is in decaauts)
 A = Elapsed time spent in this place.
 B = Non-inter-level travel time spent in this place.
 C = Inter-level travel time spent in this place.
 D = Time resting spent in this place.
 E = Time spent auto-exploring this place.
 F = Levels seen in this place.
 G = Mean time per level.
                   A        B        C        D        E       F      G
               +--------+--------+--------+--------+--------+-----+--------+
         Total |   4011 |   3854 |    157 |    523 |   2320 |   5 |  802.2 |
       Dungeon |   4011 |   3854 |    157 |    523 |   2320 |   5 |  802.2 |
               +--------+--------+--------+--------+--------+-----+--------+

Top non-repeatable levels by time:
     D:4: 1091 daAuts
     D:2: 1056 daAuts
     D:1: 997 daAuts
     D:3: 838 daAuts
     D:5: 27 daAuts
